Map: Sequencer LE

Players

Snute - Winner!

  • Race: Zerg Zerg
  • Spawn Location: 1:00

Cham

  • Race: Zerg Zerg
  • Spawn Location: 7:00

Event: WCS Jonkoping 2017

VOD

Have the link to the VOD?

Description

Time

  • Played on: June 18, 2017, 9:29 a.m.
  • Length: 4:32

All games in this series

Show
View Real Time Build Order
Export as new Build Order

Snute Zerg - Winner!

Build Orders: Hatch First 

Get SALT Encoding   

  12  0:00  Drone  
  13  0:12  Overlord  
  13  0:17  Drone  
  14  0:30  Drone x2  
  14  0:34  Drone  
  17  0:51  Hatchery  
  17  0:55  Drone  
  17  0:58  Drone  
  17  1:00  Extractor  
  17  1:14  Spawning Pool  
  17  1:17  Drone  
  17  1:20  Drone  
  18  1:27  Drone  
  19  1:38  Overlord  
  19  2:00  Queen  
  19  2:01  Metabolic Boost  
  21  2:02  Zergling x2  
  21  2:03  Queen  
  21  2:05  Zergling x2  
  25  2:08  Zergling x2  
  25  2:12  Drone  
  27  2:16  Drone  
  28  2:26  Zergling x2  
  29  2:37  Zergling x6  
  29  2:40  Queen  
  29  2:43  Zergling x2  
  35  2:47  Queen  
  35  2:50  Zergling x2  
  33  2:53  Zergling x2  
  34  2:59  Zergling x2  
  34  3:05  Zergling x2  
  35  3:09  Overlord  
  35  3:19  Overlord  
  35  3:21  Zergling x2  
  36  3:28  Zergling x2  
  36  3:29  Zergling x8  
  40  3:39  Evolution Chamber  
  40  3:40  Roach Warren  
  36  3:41  Zergling x2  
  36  3:42  Zergling x2  
  38  3:49  Drone x3  
  38  3:50  Drone x2  
  38  3:54  Drone  
  44  3:58  Drone x2  
  44  4:01  Drone  
  47  4:16  Drone  
Show
View Real Time Build Order
Export as new Build Order

Cham Zerg 

Build Orders: Pool First 

Get SALT Encoding   

  12  0:00  Drone  
  13  0:13  Extractor  
  12  0:24  Spawning Pool  
  12  0:28  Drone  
  12  0:33  Drone  
  13  0:38  Drone  
  14  0:49  Overlord  
  14  1:11  Queen  
  14  1:12  Zergling x2  
  14  1:18  Metabolic Boost  
  17  1:23  Zergling x2  
  18  1:27  Zergling x2  
  18  1:30  Zergling x2  
  20  1:35  Zergling x2  
  21  1:45  Overlord  
  21  2:04  Hatchery  
  20  2:10  Zergling x2  
  20  2:11  Zergling x2  
  22  2:17  Zergling x2  
  22  2:21  Zergling x2  
  24  2:24  Zergling x2  
  24  2:27  Zergling x2  
  26  2:33  Zergling x2  
  27  2:42  Zergling x2  
  25  2:53  Zergling x4  
  25  2:54  Zergling x2  
  27  2:59  Zergling x2  
  27  3:10  Zergling x2  
  26  3:17  Queen  
  26  3:19  Zergling x4  
  30  3:30  Zergling x4  
  32  3:39  Overlord  
  27  3:52  Drone, Overlord  
  24  3:56  Drone  
  24  4:02  Drone  
  24  4:07  Drone  
  25  4:14  Drone  
  27  4:17  Drone  
  27  4:18  Drone  
Tags
 
Add a new tag
Caveats
  • Supply blocks, unpowered buildings, or Contaminate may cause inaccurate times.
  • Supply counts are checked every 10 seconds.